 Dungeon Crawl Stone Soup version 0.23.2-1-ga50397a (webtiles) character file.

Game seed: 16698391229483484383

51 kaladindcss the Charmwright (level 4, 0/29 HPs)
             Began as a Halfling Skald on May 14, 2019.
             Slain by a jackal (3 damage)
             ... on level 3 of the Dungeon.
             The game lasted 00:15:53 (1724 turns).

kaladindcss the Charmwright (Halfling Skald)        Turns: 1724, Time: 00:15:53

Health: 0/29       AC:  6    Str: 13    XL:     4   Next: 5%
Magic:  6/6        EV: 13    Int: 11    God:
Gold:   69         SH:  0    Dex: 13    Spells: 5/6 levels left

rFire    . . .     SeeInvis +   a - +0 falchion
rCold    . . .     Gourm    .   (shield restricted)
rNeg     . . .     Faith    .   i - +1 ring mail
rPois    .         Spirit   .   (no helmet)
rElec    .         Reflect  .   (no cloak)
rCorr    .         Harm     .   (no gloves)
MR       .....                  (no boots)
Stlth    +.........             (no amulet)
HPRegen  0.09/turn              q - ring of see invisible
MPRegen  0.10/turn              (no ring)

@: no status effects
A: small, mutation resistance 1
a: no special abilities


You were on level 3 of the Dungeon.
You were not hungry.

You visited 1 branch of the dungeon, and saw 3 of its levels.

You collected 69 gold pieces.

Inventory:

Hand Weapons
 a - a +0 falchion (weapon)
 m - a +0 short sword
Armour
 b - a +0 leather armour
 e - a +0 scale mail
 i - a +1 ring mail (worn)
Jewellery
 q - a ring of see invisible (left hand)
Scrolls
 d - a scroll of remove curse
 f - 2 scrolls of enchant armour
 h - a scroll of amnesia {unknown}
 r - a scroll of teleportation {unknown}
 s - a scroll of identify {unknown}
 t - a scroll of blinking {unknown}
Potions
 c - a potion of cancellation
 g - a potion of heal wounds {unknown}
 j - a potion of agility {unknown}
 k - a potion of degeneration {unknown}
 l - a potion of haste {unknown}
 n - a potion of curing {unknown}
 p - a potion of brilliance {unknown}
Comestibles
 o - a ration


   Skills:
 * Level 2.0 Fighting
 - Level 2.2 Long Blades
 + Level 1.7 Armour
 + Level 2.8 Dodging
 + Level 1.9 Spellcasting
 + Level 3.9 Charms


You had 5 spell levels left.
You knew the following spells:

 Your Spells              Type           Power        Failure   Level  Hunger
a - Infusion              Chrm           #...         12%         1    ##.....

Your spell library contained the following spells:

 Spells                   Type           Power        Failure   Level  Hunger
 Song of Slaying          Chrm           #.......     19%         2    ###....
 Shroud of Golubria       Chrm/Tloc      #.........   38%         2    ###....
 Regeneration             Chrm/Necr      #.........   63%         3    ####...
 Spectral Weapon          Hex/Chrm       #.......     63%         3    ####...


Dungeon Overview and Level Annotations

Branches:
Dungeon (3/15)

Altars:
Uskayaw

Annotations:
D:2 Sigmund
D:3 Grinder


Innate Abilities, Weirdness & Mutations

You are small and have problems with some larger weapons.
You are somewhat resistant to further mutation.


Message History

You kill the jackal!
You have reached level 4!
You hit the jackal.
You kill the jackal!
The jackal bites you but does no damage.
You hit the jackal.
The jackal is lightly wounded.
The jackal barely misses you.
You riposte.
You hit the jackal.
The jackal is severely wounded.
The jackal bites you but does no damage.
The jackal misses you.
You riposte.
You hit the jackal.
You kill the jackal!
You hit the jackal.
The jackal is heavily wounded.
The jackal completely misses you. The rat misses you. The jackal bites you.
* * * LOW HITPOINT WARNING * * *
You barely miss the jackal.
The jackal is heavily wounded.
The rat closely misses you. The jackal bites you.
You die...

### ... #.#
###. #.# ..%
#.#
.###.#####.#
#.......##h#
#.......5r@#
#.......####
........#
#......<#
#.......#
#.......#
#########


You could see Grinder, a jackal and a rat.

Vanquished Creatures
  A gnoll (D:1)
  A worm (D:2)
  A leopard gecko (D:1)
  3 giant cockroaches (D:1)
  4 goblins
  5 hobgoblins
  3 jackals (D:3)
  7 kobolds
  5 bats
  A frilled lizard (D:2)
  3 rats
34 creatures vanquished.

Notes
Turn   | Place    | Note
-------+----------+-------------------------------------------
     0 | D:1      | kaladindcss the Halfling Skald began the quest for the Orb.
     0 | D:1      | Reached XP level 1. HP: 14/14 MP: 3/3
    45 | D:1      | Reached XP level 2. HP: 5/19 MP: 4/4
   564 | D:1      | Reached XP level 3. HP: 17/24 MP: 5/5
  1078 | D:2      | Found a hide-covered altar of Uskayaw.
  1679 | D:2      | Noticed Sigmund
  1704 | D:3      | Noticed Grinder
  1720 | D:3      | Reached XP level 4. HP: 5/29 MP: 6/6
  1724 | D:3      | Slain by a jackal

Skill      XL: |  1  2  3 |
---------------+----------+-----
Fighting       | 2 |  2.0
Long Blades    | |  2.2
Armour         | |  1.7
Dodging        | |  2.8
Spellcasting   | |  1.9
Charms         | |  3.9

Action                   |  1- 3 |  4- 6 || total
-------------------------+-------+-------++-------
Melee: Falchion          |   117 |     4 ||   121
  Use: Potion            |     1 |       ||     1
       Scroll            |     2 |       ||     2
  Eat: Ration            |     1 |       ||     1
Armor: Ring mail         |    51 |     2 ||    53
       Scale mail        |     4 |       ||     4
Dodge: Dodged            |    99 |     5 ||   104
       Rpst.: Falchion   |    35 |     2 ||    37
